 Dungeon Crawl Stone Soup version 0.23.1 (webtiles) character file.

Game seed: 0

400708 zedzed the Executioner (level 22, -3/237 HPs)
             Began as a Minotaur Berserker on Mar 10, 2019.
             Was the Champion of Trog.
             Slain by a large abomination (30 damage)
             ... created by a deep elf high priest
             ... on level 5 of the Vaults on Mar 12, 2019.
             The game lasted 04:57:48 (48775 turns).

zedzed the Executioner (Minotaur Berserker)        Turns: 48775, Time: 04:57:49

Health: -3/237     AC: 31    Str: 36    XL:     22   Next: 27%
Magic:  13/13      EV: 16    Int:  4    God:    Trog [******]
Gold:   1886       SH:  0    Dex:  9    Spells: 21/21 levels left

rFire    . . .     SeeInvis +   T - +9 executioner's axe (freeze)
rCold    + . .     Gourm    .   (shield currently unavailable)
rNeg     . . .     Faith    .   b - +5 ring mail of the Princess {MP-9 Slay+4}
rPois    .         Spirit   .   X - +2 hat {SInv}
rElec    .         Reflect  .   U - +2 cloak
rCorr    +         Harm     .   C - +2 pair of gloves {Str+3}
MR       +....                  u - +2 pair of boots {run}
Stlth    ..........             o - amulet of Vitality {Regen+ HP+15}
HPRegen  0.89/turn              m - ring of resist corrosion
MPRegen  0.13/turn              y - +3 ring of protection

@: marked, very slightly contaminated, quick
A: retaliatory headbutt, horns 2, clumsy 1, cold resistance 1, strong 1
}: 2/15 runes: barnacled, gossamer
a: Berserk, Trog's Hand, Brothers in Arms, Renounce Religion


You were on level 5 of the Vaults.
You worshipped Trog.
Trog was exalted by your worship.
You were not hungry.

You visited 8 branches of the dungeon, and saw 40 of its levels.
You visited the Abyss 1 time.
You also visited: Ice Cave and Volcano.

You collected 4559 gold pieces.
You spent 2673 gold pieces at shops.

Inventory:

Hand Weapons
 i - the +10 hand crossbow "Boismu" {freeze, Int+3}
   (You found it on level 3 of the Elven Halls)

   It causes projectiles fired from it to freeze those they strike, causing
   extra injury to most foes and up to half again as much damage against
   particularly susceptible opponents.
   They can also slow down cold-blooded creatures.
   It affects your intelligence (+3).
 v - a +4 antimagic executioner's axe
 w - a +2 battleaxe of freezing
 L - the +11 morningstar "Vibb" {flame, rC+ Dex+3}
   (You took it off a deep elf knight on level 3 of the Elven Halls)

   It has been specially enchanted to burn those struck by it, causing extra
   injury to most foes and up to half again as much damage against particularly
   susceptible opponents.
   It affects your dexterity (+3).
   It protects you from cold.
 T - a +9 executioner's axe of freezing (weapon)
Missiles
 e - 3 steel javelins (quivered)
 k - 4 tomahawks of dispersal
 R - 82 javelins
Armour
 b - the +5 ring mail of the Princess (worn) {MP-9 Slay+4}
   (You took it off an orc on level 3 of the Dungeon)

   It affects your accuracy and damage with ranged weapons and melee attacks
   (+4).
   It affects your magic capacity (-9).
 u - a +2 pair of boots of running (worn)
 C - a +2 pair of gloves of strength (worn)
 G - the +0 large shield of the Undertaker {rF+ Int-2 Dex+4}
   (You bought it in a shop on level 1 of the Vaults)

   It affects your intelligence (-2).
   It affects your dexterity (+4).
   It protects you from fire.
 U - a +2 cloak (worn)
 X - a +2 hat of see invisible (worn)
Jewellery
 m - a ring of resist corrosion (left hand)
 o - the amulet of Vitality (around neck) {Regen+ HP+15}
   (You bought it in a shop on level 2 of the Vaults)

   [amulet of regeneration]

   It affects your health (+15).
   It increases your rate of regeneration.
 q - an uncursed ring of poison resistance
 y - a +3 ring of protection (right hand)
 H - an uncursed ring of positive energy
 K - a +3 ring of dexterity
 N - a +2 ring of strength
 S - the amulet "Daqu Koczu" {Acrobat rElec rN+ Int-3}
   (You acquired it on level 1 of the Elven Halls)

   [amulet of the acrobat]

   It helps you evade while moving and waiting.
   It affects your intelligence (-3).
   It insulates you from electricity.
   It protects you from negative energy.
 Y - a cursed ring of ice
Wands
 a - a wand of acid (2)
 t - a wand of digging (16)
 M - a wand of disintegration (29)
 W - a wand of polymorph (8)
 Z - a wand of iceblast (35)
Scrolls
 d - a scroll of brand weapon
 g - a scroll of summoning
 l - 8 scrolls of identify
 n - 6 scrolls of enchant armour
 r - 2 scrolls of remove curse
 z - 5 scrolls of blinking
 A - a scroll of enchant weapon
 D - a scroll of fear
 E - 5 scrolls of fog
 I - 3 scrolls of magic mapping
 J - 16 scrolls of teleportation
 O - 2 scrolls of holy word
Potions
 f - 4 potions of haste
 h - 6 potions of heal wounds
 j - 5 potions of resistance
 p - 14 potions of curing
 s - 2 potions of brilliance
 x - a potion of invisibility
 B - 4 potions of flight
 P - a potion of mutation
 Q - a potion of cancellation
 V - a potion of magic
Miscellaneous
 F - a lightning rod (4/4)
Comestibles
 c - 45 rations


   Skills:
 * Level 24.0 Fighting
 * Level 26.0 Axes
 - Level 10.4 Throwing
 * Level 21.2 Armour
 - Level 10.7 Dodging
 - Level 10.4 Shields
 - Level 2.2 Evocations


You had 21 spell levels left.
You didn't know any spells.
Your spell library was empty.

Dungeon Overview and Level Annotations

Branches:
Dungeon (15/15)            Temple (0/1) D:4            Lair (6/6) D:10
 Shoals (4/4) Lair:4       Spider (4/4) Lair:3        Slime (1/5) Lair:6
    Orc (2/2) D:11            Elf (3/3) Orc:2        Vaults (5/5) D:14
  Crypt (0/3) Vaults:2     Depths (0/5) D:15

Altars:
Cheibriados
Dithmenos
Hepliaklqana
Kikubaaqudgha
Makhleb
Nemelex Xobeh
Okawaru
Qazlal
Sif Muna
Trog
Uskayaw
Xom
Yredelemnul
The Shining One
Beogh

Shops:
D:10 *?(}*   D:12 (   D:13 *   Orc:1 }   Orc:2 :(*[   Elf:1 !   Elf:3 ?
Shoals:1 [   Vaults:1 [   Vaults:2 =   Vaults:3 ?}(

Annotations:
D:9 2 transporters
Lair:5 exclusion: oklob plant
Vaults:1 3 runed translucent doors, christhawk's ghost, adept MiHu


Innate Abilities, Weirdness & Mutations

You reflexively headbutt those who attack you in melee.
You have a pair of horns on your head.
You are clumsy. (Dex -2)
Your flesh is cold resistant. (rC+)
Your muscles are strong. (Str +2)


Message History

You see here a +1 flail of holy wrath.
You chop the deep troll earth mage into pieces!!!
You freeze the deep troll earth mage!
You kill the deep troll earth mage!
Trog accepts your kill.
Trog appreciates your killing of a magic user.
The troll leather armour is intact enough to wear.
h - 6 potions of heal wounds (gained 1)
Things that are here:
a +0 bardiche; a cursed -2 chain mail; a human corpse An ancient lich comes into view.
There are monsters nearby!
The ancient lich casts a spell at you. The lance of force misses you.
You closely miss the ancient lich. You slice the ancient lich!!
You freeze the ancient lich.
The ancient lich is moderately damaged.
You miss the large abomination. The ancient lich barely misses you.
The large abomination hits you!!
You die...

.. ..# ..# ##..# ...#
##...# #...# ##...#
#...###....##
#...#......# #...[))...#
##..[##LX.#
%........##@.#
......#...##.#
#....##....###....#....8
#)..# ..T...##^...#...(
...# .......#....#.(..
..# ...##.(..(....(. ##
#######...(....#######
......e.....(.......
......eXpC()......!.


You could see an ancient lich and a large abomination.

Vanquished Creatures
  Mara (Spider:3)
  A golden dragon (Vaults:5)
  Nikola (Spider:4)
  Arachne (Spider:3)
  Jorgrun (Orc:1)
  A tentacled monstrosity (Vaults:5)
  Asterion (Spider:3)
  A deep elf blademaster (Elf:3)
  A deep elf master archer (Elf:3)
  3 acid blobs (Slime:1)
  2 sphinxes
  2 storm dragons
  Polyphemus (Shoals:4)
  A tengu reaver (Vaults:4)
  3 ghost moths (Spider:4)
  9 vault wardens
  A frost giant (Vaults:1)
  6 deep elf sorcerers
  An orc warlord (Orc:2)
  2 emperor scorpions
  Aizul (Shoals:4)
  2 war gargoyles
  10 ironheart preservers
  6 deep elf elementalists
  7 entropy weavers
  5 stone giants
  10 deep elf annihilators (Elf:3)
  9 deep elf demonologists
  A white draconian (IceCv)
  2 spark wasps (Spider:4)
  2 minotaurs (Vaults:1)
  8 deep elf death magi
  7 merfolk javelineers
  8 merfolk impalers
  3 ettins (Vaults:5)
  2 fire dragons
  7 yaktaur captains
  5 deep elf high priests
  3 great orbs of eyes
  26 vault guards
  Fannar (D:11)
  4 catoblepae
  2 ice dragons
  4 hydras
  2 merfolk avatars
  5 centaur warriors
  A queen ant (Lair:4)
  11 ogre magi
  25 dancing weapons
  2 anacondas
  4 merfolk aquamancers
  A deep troll shaman (Vaults:3)
  44 two-headed ogres
  3 death knights
  17 death yaks
  2 satyrs (Shoals:4)
  5 deep troll earth magi
  Urug (Lair:5)
  5 orc high priests
  20 deep elf knights
  7 small abominations
  7 skeletal warriors
  A wretched star (Abyss:3)
  A fire crab (D:15)
  A spatial maelstrom (Abyss:3)
  A shadow wraith (Vaults:4)
  The ghost of Hylith the Summoner, a novice BaSu of Sif Muna (Lair:1)
  16 deep trolls
  2 unseen horrors (D:12)
  2 flayed ghosts
  The ghost of mellord497 the Skirmisher, a novice OgAM of Makhleb (D:5)
  10 sea snakes
  9 wizards
  A kraken simulacrum (Shoals:4)
  13 deep elf archers
  A glowing orange brain (shapeshifter) (Vaults:5)
  A shadow dragon zombie (Vaults:3)
  21 harpies
  3 phantasmal warriors
  2 necromancers (Vaults:3)
  11 ironbrand convokers
  A harpy (shapeshifter) (Vaults:1)
  12 fauns
  55 deep elf magi
  14 orc knights
  12 orb spiders
  A wolf spider zombie (D:14)
  28 ugly things
  4 orc sorcerers
  7 cyclopes
  A salamander (shapeshifter) (Vaults:4)
  34 wolf spiders
  2 moths of wrath
  A shining eye (Slime:1)
  5 toenail golems (Volcano)
  14 manticores
  5 merfolk sirens
  6 vault sentinels
  6 black mambas
  A guardian serpent (shapeshifter) (Vaults:4)
  2 torpor snails
  4 water nymphs
  11 spiny frogs
  8 gargoyles (D:12)
  A smoke demon (Abyss:3)
  2 freezing wraiths (Vaults:4)
  A hellion (Abyss:3)
  6 centaur skeletons
  A kobold demonologist (D:15)
  2 human zombies (Vaults:3)
  36 yaktaurs
  11 demonic crawlers
  A redback zombie (D:13)
  2 efreet
  4 komodo dragons
  2 rime drakes
  A human skeleton (Vaults:3)
  8 trolls
  22 merfolk
  A queen bee (Spider:1)
  7 hornets
  2 harpy skeletons
  A polar bear (shapeshifter) (Vaults:4)
  30 jumping spiders
  6 wind drakes
  A slime creature (shapeshifter) (Elf:2)
  8 snapping turtles
  19 polar bears
  Prince Ribbit (D:5)
  14 blink frogs
  12 slime creatures
  8 dream sheep
  7 hippogriffs
  2 hippogriffs (shapeshifter)
  4 air elementals
  4 human simulacra
  A large abomination (Abyss:3)
  8 water elementals
  The ghost of poxu the Ruffian, an amateur TrMo (D:3)
  23 tarantellas
  The ghost of Xeno the Magician, an amateur DEWz of Cheibriados (D:5)
  79 redbacks
  A yak (shapeshifter) (Vaults:2)
  A fire dragon skeleton (Abyss:3)
  A human (Spider:1)
  5 wraiths
  7 wyverns
  46 yaks
  A golden eye (shapeshifter) (Vaults:3)
  2 neqoxecs (Abyss:3)
  3 basilisks
  4 steam dragons
  Grum (Lair:1)
  3 hungry ghosts
  A chaos spawn (Abyss:3)
  2 fire elementals (Elf:1)
  4 vampire mosquitoes (D:14)
  5 wargs
  An insubstantial wisp (Abyss:3)
  Menkaure (D:7)
  Edmund (D:5)
  10 soldier ants
  11 water moccasins
  An acid dragon (Vaults:2)
  2 spatial vortices (Abyss:3)
  8 porcupines
  Duvessa (D:4)
  62 orc warriors
  4 sky beasts
  5 black bears
  2 ice beasts
  2 necrophages
  An eye of draining (D:15)
  68 wolves
  35 ogres
  An elf skeleton (Vaults:3)
  13 centaurs
  14 crocodiles
  8 big kobolds
  9 bullfrogs
  An earth elemental (Elf:2)
  4 gnoll sergeants
  A wyvern zombie (D:15)
  Dowan (D:4)
  4 scorpions
  4 killer bees (D:8)
  18 wights
  4 howler monkeys
  4 electric eels
  7 crimson imps
  3 centaur zombies
  7 hounds
  A quasit (Abyss:3)
  2 bullfrog skeletons
  6 jellies
  27 orc priests
  Crazy Yiuf (D:7)
  2 iron imps (Abyss:3)
  37 orc wizards
  3 iguanas
  27 worker ants
  6 hell rats (Lair:6)
  2 hound skeletons
  Robin (D:2)
  A gnoll (shapeshifter) (Vaults:3)
  7 gnolls
  3 river rats (Lair:6)
  11 adders
  A howler monkey skeleton (D:5)
  4 shadow imps
  13 white imps
  An ufetubus (Abyss:3)
  3 oozes
  2 adder zombies
  2 adder skeletons
  A dart slug (D:1)
  10 leopard geckos
  158 orcs
  4 giant cockroaches
  14 goblins
  8 hobgoblins
  5 jackals
  10 kobolds
  6 quokkas
  A bat (D:1)
  A frilled lizard (D:2)
  A leopard gecko skeleton (D:7)
  A quokka zombie (D:5)
  10 rats
  2 fungi
  4 plants
1813 creatures vanquished.

Vanquished Creatures (collateral kills)
  Frances (Spider:1)
  An orc warlord (Orc:2)
  An entropy weaver (Spider:3)
  Nessos (Lair:4)
  An ettin (Vaults:5)
  A yaktaur captain (Vaults:5)
  3 rakshasas
  A merfolk impaler (Shoals:4)
  2 merfolk aquamancers (Shoals:4)
  4 death yaks
  An orc high priest (Orc:2)
  A glowing orange brain (D:15)
  An orange crystal statue (Vaults:2)
  A sea snake (Shoals:4)
  A wizard (Vaults:3)
  2 orb spiders (shapeshifter) (D:15)
  2 ironbrand convokers (Vaults:5)
  2 manticores (Shoals:4)
  A faun (Shoals:4)
  An orc sorcerer (Orc:2)
  5 slime creatures (D:15)
  A cyclops (D:15)
  A merfolk siren (Shoals:4)
  A guardian serpent (shapeshifter) (D:15)
  A demonic crawler (Spider:3)
  A troll (Orc:2)
  A merfolk (Shoals:4)
  2 wind drakes (Shoals:4)
  A spriggan (shapeshifter) (D:15)
  A warg (Orc:2)
  3 orc warriors (Orc:2)
  3 orcs (Orc:2)
50 creatures vanquished.

Vanquished Creatures (others)
  A shadow wraith (Vaults:5)
  A sea snake (Shoals:4)
  2 harpies (Shoals:4)
  A faun (Shoals:4)
  An ugly thing (Vaults:3)
  A vault sentinel (Vaults:3)
  A yaktaur (Vaults:3)
  2 hornets (Spider:4)
  An orc priest (Vaults:3)
  2 orcs (Vaults:3)
  6 fungi
  9 plants
  4 tentacles (Shoals:4)
32 creatures vanquished.

Grand Total: 1895 creatures vanquished

Notes
Turn   | Place    | Note
-------+----------+-------------------------------------------
     0 | D:1      | zedzed the Minotaur Berserker began the quest for the Orb.
     0 | D:1      | Reached XP level 1. HP: 19/19 MP: 0/0
   104 | D:1      | Reached skill level 4 in Axes
   212 | D:1      | Reached XP level 2. HP: 27/27 MP: 1/1
   949 | D:2      | Noticed Robin
  1026 | D:2      | Reached XP level 3. HP: 33/33 MP: 2/2
  1031 | D:2      | Killed Robin
  1031 | D:2      | Reached skill level 5 in Axes
  1408 | D:2      | Found a hazy altar of Hepliaklqana.
  1409 | D:2      | Found a shimmering altar of Xom.
  1409 | D:2      | Noticed a yak
  1411 | D:2      | Noticed a yak
  1411 | D:2      | Noticed a spectral ugly thing
  1533 | D:3      | Reached ** piety under Trog
  1533 | D:3      | Reached XP level 4. HP: 38/41 MP: 3/3
  1824 | D:3      | Found a shadowy altar of Dithmenos.
  1837 | D:3      | Reached skill level 6 in Axes
  1837 | D:3      | Reached XP level 5. HP: 47/47 MP: 4/4
  1881 | D:3      | Found an iron altar of Okawaru.
  1942 | D:3      | Reached skill level 5 in Fighting
  2076 | D:3      | Found a runed translucent gate.
  2076 | D:3      | Found a runed translucent gate.
  2076 | D:3      | Found a runed translucent gate.
  2453 | D:3      | Identified the +5 ring mail of the Princess {MP-9 Slay+4}
  2455 | D:3      | Noticed poxu's ghost (amateur TrMo)
  2461 | D:3      | Found a roughly hewn altar of Beogh.
  2474 | D:3      | Reached skill level 7 in Axes
  2496 | D:3      | Reached XP level 6. HP: 51/56 MP: 5/5
  2781 | D:3      | Reached *** piety under Trog
  2987 | D:3      | Killed poxu's ghost
  2987 | D:3      | Reached skill level 8 in Axes
  3097 | D:4      | Noticed Duvessa
  3112 | D:4      | Killed Duvessa
  3112 | D:4      | Reached XP level 7. HP: 64/64 MP: 0/6
  3155 | D:4      | Noticed Dowan
  3162 | D:4      | Killed Dowan
  3166 | D:4      | Found a staircase to the Ecumenical Temple.
  3321 | D:4      | Found a bloodstained altar of Trog.
  3329 | D:4      | Reached skill level 9 in Axes
  3348 | D:4      | Found a sparkling altar of Nemelex Xobeh.
  3495 | D:4      | Found a snail-covered altar of Cheibriados.
  3966 | D:4      | Reached XP level 8. HP: 73/73 MP: 0/7
  4011 | D:5      | Entered Level 5 of the Dungeon
  4022 | D:5      | Noticed Prince Ribbit
  4028 | D:5      | Killed Prince Ribbit
  4028 | D:5      | Reached skill level 10 in Axes
  4056 | D:5      | Found a runed translucent gate.
  4057 | D:5      | Found a runed translucent gate.
  4058 | D:5      | Found a runed translucent gate.
  4059 | D:5      | Noticed Xeno's ghost (amateur DEWz)
  4060 | D:5      | Noticed mellord497's ghost (novice OgAM)
  4149 | D:5      | Reached **** piety under Trog
  4171 | D:5      | Found a deep blue altar of Sif Muna.
  4490 | D:5      | Noticed Edmund
  4497 | D:5      | Killed Edmund
  4986 | D:5      | Killed mellord497's ghost
  4986 | D:5      | Reached skill level 5 in Armour
  4986 | D:5      | Reached skill level 5 in Dodging
  4986 | D:5      | Reached XP level 9. HP: 82/82 MP: 0/8
  4990 | D:5      | Killed Xeno's ghost
  5567 | D:6      | Found a glowing golden altar of the Shining One.
  5604 | D:6      | Reached skill level 11 in Axes
  5942 | D:7      | Noticed Menkaure
  6196 | D:7      | Reached skill level 10 in Fighting
  6303 | D:7      | Killed Menkaure
  6733 | D:7      | Found a runed translucent door.
  6733 | D:7      | Noticed Crazy Yiuf
  6834 | D:7      | Reached XP level 10. HP: 76/93 MP: 0/9
  7164 | D:7      | Found a basalt altar of Yredelemnul.
  7433 | D:7      | Killed Crazy Yiuf
  7528 | D:8      | Found a stormy altar of Qazlal.
  7552 | D:8      | Reached ***** piety under Trog
  7668 | D:8      | Reached skill level 1 in Evocations
  7748 | D:8      | Reached skill level 12 in Axes
  8111 | D:8      | Reached skill level 1 in Shields
  8195 | D:8      | Found a burning altar of Makhleb.
  8389 | D:9      | Found a transporter.
  8395 | D:9      | Noticed a fire crab
  8408 | D:9      | Found a transporter.
  8418 | D:9      | Noticed a deep elf knight
  8482 | D:9      | Reached skill level 5 in Shields
  8665 | D:9      | Received a gift from Trog
  8673 | D:9      | Found a hide-covered altar of Uskayaw.
  8707 | D:9      | Found a shimmering altar of Xom.
  8870 | D:10     | Entered Level 10 of the Dungeon
  9063 | D:10     | Found a staircase to the Lair.
  9108 | D:10     | Found Dajie's Gadget Shop.
  9127 | D:10     | Reached XP level 11. HP: 102/102 MP: 2/11
  9134 | D:10     | Found a stormy altar of Qazlal.
  9185 | D:10     | Paralysed by a hornet for 3 turns
  9297 | D:10     | Found Cojaf's General Store.
  9312 | D:10     | Bought a potion of curing for 39 gold pieces
  9312 | D:10     | Bought a scroll of remove curse for 39 gold pieces
  9367 | D:10     | Found Ahus's Magic Scroll Shoppe.
  9458 | D:10     | Found Coto's Antique Weapon Shoppe.
  9518 | D:10     | Found Ovirawkups's Assorted Antiques.
  9561 | D:11     | Noticed a two-headed ogre
  9567 | D:11     | Killed a two-headed ogre
  9573 | D:11     | Noticed Fannar
  9592 | D:11     | Killed Fannar
  9592 | D:11     | Reached skill level 10 in Shields
  9690 | D:11     | Paralysed by a hornet for 3 turns
 10007 | D:11     | Noticed a two-headed hydra
 10013 | D:11     | Killed a one-headed hydra
 10013 | D:11     | Reached skill level 13 in Axes
 10272 | D:11     | Got an encrusted rapier
 10273 | D:11     | Identified the +10 rapier of Disarray {drain, Str+3 Int+4}
                  | (You found it on level 11 of the Dungeon)
 10358 | D:11     | Found a staircase to the Orcish Mines.
 10376 | D:11     | Received a gift from Trog
 10561 | D:12     | Reached skill level 14 in Axes
 10630 | D:12     | Reached XP level 12. HP: 90/112 MP: 3/12
 10722 | D:12     | Noticed a two-headed ogre
 10727 | D:12     | Killed a two-headed ogre
 10791 | D:12     | Found Colucut's Weapon Emporium.
 10883 | D:12     | Reached skill level 15 in Axes
 10923 | D:12     | Noticed a war gargoyle
 10932 | D:12     | Killed a war gargoyle
 11481 | D:12     | Found a deep blue altar of Sif Muna.
 11681 | D:13     | Noticed a centaur warrior
 11690 | D:13     | Killed a centaur warrior
 11690 | D:13     | Reached skill level 16 in Axes
 11738 | D:13     | Noticed a two-headed ogre
 11746 | D:13     | Killed a two-headed ogre
 11854 | D:13     | You fall through a shaft for 2 floors!
 11854 | D:15     | Entered Level 15 of the Dungeon
 11860 | D:15     | Noticed a six-headed hydra
 11867 | D:15     | Killed a seven-headed hydra
 12018 | D:15     | Noticed a six-headed hydra
 12020 | D:15     | Killed an eight-headed hydra
 12020 | D:15     | Reached XP level 13. HP: 119/123 MP: 4/13
 12134 | D:15     | Received a gift from Trog
 12359 | D:13     | Reached skill level 17 in Axes
 12457 | D:13     | Found Myutav's Assorted Antiques.
 12465 | D:13     | Bought a pair of glowing boots for 240 gold pieces
 12818 | Lair:1   | Entered Level 1 of the Lair of Beasts
 12956 | Lair:1   | Received a gift from Trog
 12966 | Lair:1   | Noticed Grum
 12983 | Lair:1   | Reached skill level 18 in Axes
 12987 | Lair:1   | Killed Grum
 13407 | Lair:1   | Found a runed translucent door.
 13601 | Lair:1   | Noticed Hylith's ghost (novice BaSu)
 13608 | Lair:1   | Killed Hylith's ghost
 14566 | Lair:3   | Reached skill level 15 in Fighting
 14699 | Lair:3   | Found a hole to the Spider Nest.
 15673 | Lair:4   | Found a dark tunnel.
 15681 | Volcano  | Entered a volcano
 15689 | Volcano  | Reached skill level 19 in Axes
 15714 | Volcano  | Reached XP level 14. HP: 135/135 MP: 6/14
 15876 | Volcano  | Reached ****** piety under Trog
 15882 | Volcano  | Paralysed by a wizard for 6 turns
 16216 | Lair:4   | Received a gift from Trog
 16249 | Lair:4   | Found a staircase to the Shoals.
 16296 | Lair:4   | Noticed an entropy weaver
 16298 | Lair:4   | Noticed an entropy weaver
 16313 | Lair:4   | Killed an entropy weaver
 16320 | Lair:4   | Killed an entropy weaver
 16471 | Lair:4   | Noticed Nessos
 16879 | Lair:4   | Reached skill level 20 in Axes
 17236 | Lair:4   | Killed Nessos
 17876 | Lair:5   | Noticed Urug
 17892 | Lair:5   | Killed Urug
 18327 | Lair:6   | Entered Level 6 of the Lair of Beasts
 18357 | Lair:6   | Found a staircase to the Slime Pits.
 18460 | Lair:6   | Found a frozen archway.
 18470 | IceCv    | Entered an ice cave
 18569 | IceCv    | Received a gift from Trog
 18570 | IceCv    | Got a translucent broad axe {god gift}
 18574 | IceCv    | Identified the +8 broad axe "Dragon's Peril" {venom, -Tele
                  | rPois Int+3} (Trog gifted it to you in an ice cave)
 18818 | IceCv    | Reached skill level 21 in Axes
 18880 | IceCv    | Identified the Catalogue of the Snowflakes
 18989 | Lair:6   | Reached XP level 15. HP: 117/146 MP: 6/15
 19649 | Lair:6   | Received a gift from Trog
 19802 | Lair:6   | Found the +7 lajatang of Order {silver, rMut}
 20438 | D:14     | You fall through a shaft!
 20473 | D:15     | Reached skill level 22 in Axes
 21205 | D:15     | Found a staircase to the Depths.
 21656 | D:14     | Found a basalt altar of Yredelemnul.
 21912 | D:14     | Received a gift from Trog
 22028 | D:14     | Found a gate to the Vaults.
 22281 | Orc:1    | Entered Level 1 of the Orcish Mines
 22281 | Orc:1    | Noticed Jorgrun
 22291 | Orc:1    | Killed Jorgrun
 22358 | Orc:1    | Reached skill level 10 in Armour
 22396 | Orc:1    | Reached XP level 16. HP: 155/157 MP: 7/16
 22663 | Orc:1    | Found Liazxaah's Gadget Emporium.
 22833 | Orc:2    | Entered Level 2 of the Orcish Mines
 23075 | Orc:2    | Found a staircase to the Elven Halls.
 23089 | Orc:1    | Received a gift from Trog
 23823 | Orc:2    | Received a gift from Trog
 24342 | Orc:2    | Found Dovarusm's General Store.
 24343 | Orc:2    | Found Lianasule's Book Shop.
 24344 | Orc:2    | Found Qeopneho's Antique Armour Boutique.
 24344 | Orc:2    | Found Sofie's Antique Weapon Boutique.
 24358 | Orc:2    | Bought a scroll of brand weapon for 280 gold pieces
 24596 | Spider:1 | Entered Level 1 of the Spider Nest
 25356 | Spider:1 | Noticed Frances
 25364 | Spider:1 | Killed Frances
 27107 | Spider:2 | Identified a scroll of acquirement
 27184 | Spider:3 | Noticed Asterion
 27186 | Spider:3 | Noticed an Executioner
 27192 | Spider:3 | Killed Asterion
 27507 | Spider:3 | Reached XP level 17. HP: 134/168 MP: 8/17
 27509 | Spider:3 | Noticed Arachne
 27526 | Spider:3 | Killed Arachne
 27646 | Spider:3 | Received a gift from Trog
 27652 | Spider:3 | Reached skill level 10 in Dodging
 27655 | Spider:3 | Noticed Mara
 27685 | Spider:3 | Noticed zedzed's illusion
 27687 | Spider:3 | Noticed zedzed's illusion
 27692 | Spider:3 | Killed Mara
 28145 | Spider:4 | Entered Level 4 of the Spider Nest
 28159 | Spider:4 | Noticed Nikola
 28174 | Spider:4 | Killed Nikola
 28977 | Spider:4 | Reached skill level 15 in Armour
 29514 | Spider:4 | Reached skill level 1 in Throwing
 29727 | Spider:4 | Received a gift from Trog
 30200 | Spider:4 | Reached skill level 5 in Throwing
 30397 | Spider:4 | Got a gossamer rune of Zot
 30738 | Vaults:1 | Entered Level 1 of the Vaults
 31508 | Vaults:1 | Reached XP level 18. HP: 176/176 MP: 9/18
 31520 | Vaults:1 | Received a gift from Trog
 31618 | Vaults:1 | Found a runed translucent gate.
 31618 | Vaults:1 | Found a runed translucent gate.
 31618 | Vaults:1 | Found a runed translucent gate.
 31620 | Vaults:1 | Noticed christhawk's ghost (adept MiHu)
 31707 | Vaults:1 | Found Zouw's Antique Armour Boutique.
 31715 | Vaults:1 | Bought a pair of embroidered boots for 217 gold pieces
 31715 | Vaults:1 | Bought a faintly glowing large shield for 275 gold pieces
 31722 | Vaults:1 | Identified the +0 large shield of the Undertaker {rF+ Int-2
                  | Dex+4} (You bought it in a shop on level 1 of the Vaults)
 31738 | Vaults:1 | Identified a +0 pair of boots of running (You bought it in
                  | a shop on level 1 of the Vaults)
 31873 | Vaults:1 | Received a gift from Trog
 32163 | Vaults:1 | Found an iron altar of Okawaru.
 32453 | Vaults:2 | Found Megab's Jewellery Emporium.
 32461 | Vaults:2 | Bought the amulet of Vitality {Regen+ HP+15} for 1343 gold
                  | pieces
 32461 | Vaults:2 | Found the amulet of Vitality {Regen+ HP+15}
 32937 | Vaults:2 | Received a gift from Trog
 33155 | Vaults:2 | Found a staircase to the Crypt.
 33155 | Vaults:2 | Found a basalt altar of Yredelemnul.
 33157 | Vaults:2 | Found an ancient bone altar of Kikubaaqudgha.
 33680 | Vaults:2 | Reached skill level 23 in Axes
 34111 | Vaults:3 | Received a gift from Trog
 34125 | Vaults:3 | Reached XP level 19. HP: 179/187 MP: 10/19
 34291 | Vaults:3 | Received a gift from Trog
 34468 | Vaults:3 | HP: 9/203 [deep elf archer/arrow (28)]
 34909 | Vaults:3 | Found Qiureghi's Weapon Emporium.
 34933 | Vaults:3 | Found Wituich's Magic Scroll Shoppe.
 35114 | Vaults:3 | Got an encrusted plate armour
 35115 | Vaults:3 | Found Nanuz's Gadget Emporium.
 35479 | Vaults:3 | Found Tycycik's Magic Scroll Boutique.
 35523 | Vaults:3 | Identified the cursed +1 plate armour "Uptuyjua" {rN+} (You
                  | found it on level 3 of the Vaults)
 35794 | Elf:1    | Entered Level 1 of the Elven Halls
 35806 | Elf:1    | Received a gift from Trog
 36268 | Elf:1    | Found Mycved's Distillery.
 36274 | Elf:1    | Received a gift from Trog
 36281 | Elf:1    | Bought a potion of heal wounds for 80 gold pieces
 36281 | Elf:1    | Bought a potion of heal wounds for 80 gold pieces
 36281 | Elf:1    | Bought a potion of heal wounds for 80 gold pieces
 36496 | Elf:1    | Received a gift from Trog
 36601 | Elf:1    | Got a fine pewter amulet
 36603 | Elf:1    | Identified the amulet "Daqu Koczu" {Acrobat rElec rN+
                  | Int-3} (You acquired it on level 1 of the Elven Halls)
 37088 | Elf:1    | Received a gift from Trog
 37190 | Elf:2    | Reached skill level 10 in Throwing
 37199 | Elf:2    | Received a gift from Trog
 37992 | Elf:2    | Found a huge runed translucent gate.
 37992 | Elf:2    | Found a huge runed translucent gate.
 37992 | Elf:2    | Found a huge runed translucent gate.
 38007 | Elf:2    | Found a huge runed translucent gate.
 38007 | Elf:2    | Found a huge runed translucent gate.
 38297 | Elf:2    | Received a gift from Trog
 38560 | Elf:2    | Received a gift from Trog
 38562 | Elf:2    | Reached XP level 20. HP: 198/198 MP: 11/20
 38724 | Elf:2    | Identified the Reference Book on Shifting Earth
 39030 | Shoals:1 | Entered Level 1 of the Shoals
 39165 | Shoals:2 | Reached skill level 24 in Axes
 39453 | Shoals:4 | Entered Level 4 of the Shoals
 39458 | Shoals:4 | Noticed Aizul
 39468 | Shoals:4 | Killed Aizul
 39546 | Shoals:4 | Noticed Polyphemus
 39567 | Shoals:4 | Killed Polyphemus
 39576 | Shoals:4 | HP: 8/215 [satyr/sling bullet (20)]
 39893 | Shoals:4 | Received a gift from Trog
 41292 | Shoals:4 | Received a gift from Trog
 41812 | Shoals:4 | Got a barnacled rune of Zot
 42266 | Shoals:1 | Found Anannud's Armour Emporium.
 42803 | Vaults:4 | Received a gift from Trog
 43612 | Vaults:4 | Identified the Catalogue of Contamination and Dark Secrets
 43628 | Vaults:4 | Reached XP level 21. HP: 198/209 MP: 12/21
 44001 | Vaults:4 | Reached skill level 25 in Axes
 44697 | Elf:3    | Entered Level 3 of the Elven Halls
 44967 | Elf:3    | Received a gift from Trog
 45436 | Elf:3    | Received a gift from Trog
 45555 | Elf:3    | Found Hevvunk's Magic Scroll Shop.
 45586 | Elf:3    | Identified the +11 morningstar "Vibb" {flame, rC+ Dex+3}
 45844 | Elf:3    | Got a pitted rapier
 45845 | Elf:3    | Identified the +2 rapier of the Pyrrhic Victory {freeze,
                  | +Blink MR+ Dex+3} (You found it on level 3 of the Elven
                  | Halls)
 45862 | Elf:3    | Got a twisted hand crossbow
 45863 | Elf:3    | Identified the +10 hand crossbow "Boismu" {freeze, Int+3}
                  | (You found it on level 3 of the Elven Halls)
 45960 | Elf:3    | Got a smoking scale mail
 45965 | Elf:3    | Identified the +0 scale mail of Yredelemnul's Pride {rC+
                  | Str+5} (You found it on level 3 of the Elven Halls)
 46308 | Slime:1  | Entered Level 1 of the Pits of Slime
 46310 | Slime:1  | Gained mutation: Scrolls take you a little longer to read.
                  | [a shining eye]
 46311 | Slime:1  | Gained mutation: You have a somewhat thin skeletal
                  | structure. (Dex +2, Stealth) [a shining eye]
 46317 | Slime:1  | Gained mutation: You are clumsy. (Dex -2) [a shining eye]
 46319 | Slime:1  | Gained mutation: You are frail. (-10% HP) [a shining eye]
 47244 | Lair:1   | Lost mutation: You are frail. (-10% HP) [potion of
                  | mutation]
 47244 | Lair:1   | Lost mutation: Scrolls take you a little longer to read.
                  | [potion of mutation]
 47244 | Lair:1   | Lost mutation: You have a somewhat thin skeletal structure.
                  | (Dex +2, Stealth) [potion of mutation]
 47244 | Lair:1   | Gained mutation: Your flesh is cold resistant. (rC+)
                  | [potion of mutation]
 47244 | Lair:1   | Gained mutation: Your muscles are strong. (Str +2) [potion
                  | of mutation]
 47478 | Vaults:5 | Entered Level 5 of the Vaults
 47480 | Vaults:5 | Noticed a golden dragon
 47484 | Vaults:5 | Received a gift from Trog
 47597 | Vaults:5 | Received a gift from Trog
 47850 | Vaults:5 | Reached XP level 22. HP: 195/222 MP: 13/22
 48127 | Vaults:5 | Killed a golden dragon
 48459 | Vaults:5 | Identified the +5 halberd of Conscience {protect, *Drain
                  | rElec rN++ Stlth+}
 48459 | Vaults:5 | Identified the +7 scale mail "Ixeshroash" {rElec Int+2}
 48466 | Vaults:5 | Received a gift from Trog
 48473 | Vaults:5 | Cast into level 3 of the Abyss (a deep elf sorcerer)
 48719 | Abyss:3  | Reached skill level 26 in Axes
 48743 | Vaults:5 | Escaped the Abyss
 48769 | Vaults:5 | Noticed an ancient lich
 48775 | Vaults:5 | Slain by a large abomination

Skill      XL: |  1  2  3  4  5  6  7  8  9 10 11 12 13 14 15 16 17 18 19 20 21 22 |
---------------+-------------------------------------------------------------------+-----
Axes           | 4 5 6 7 8 9 10 11 12 14 16 19 21 22 23 24 25 26 | 26.0
Fighting       | 4 5 6 7 8 10 11 12 13 15 16 18 19 20 21 22 23 24 | 24.0
Armour         | 5 7 10 13 15 16 18 19 20 21 | 21.2
Dodging        | 5 7 9 10 | 10.7
Evocations     | 2 |  2.2
Shields        | 8 10 | 10.4
Throwing       | 7 9 10 | 10.4

Action                   |  1- 3 |  4- 6 |  7- 9 | 10-12 | 13-15 | 16-18 | 19-21 | 22-24 || total
-------------------------+-------+-------+-------+-------+-------+-------+-------+-------++-------
Melee: Hand axe          |    66 |   122 |   248 |   373 |       |       |       |       ||   809
       Headbutt          |    12 |    21 |    57 |   141 |   196 |   240 |   224 |    17 ||   908
       Executioner's axe |       |       |       |   111 |   521 |   376 |   891 |    55 ||  1954
       Battleaxe         |       |       |       |       |   347 |   310 |       |       ||   657
       Broad axe         |       |       |       |       |       |   272 |       |       ||   272
Throw: Javelin           |       |       |       |       |       |    12 |    79 |    19 ||   110
       Stone             |       |       |       |       |       |     1 |       |       ||     1
       Tomahawk          |       |       |       |       |       |       |     5 |     6 ||    11
Invok: Berserk           |     1 |     3 |     3 |     5 |     7 |    13 |     7 |     1 ||    40
       Trog's Hand       |       |       |     1 |       |       |       |    14 |     2 ||    17
       Brothers in Arms  |       |       |       |       |     4 |     7 |     5 |     3 ||    19
Evoke: Wand              |       |       |       |       |     4 |    23 |     6 |       ||    33
  Use: Scroll            |     7 |       |     4 |     1 |    18 |    15 |    18 |     2 ||    65
       Potion            |       |       |       |       |     3 |     4 |     5 |     1 ||    13
 Stab: Sleeping          |       |       |       |       |     6 |     1 |       |       ||     7
       Distracted        |       |       |       |       |     3 |     1 |       |     1 ||     5
  Eat: Chunk             |     3 |     6 |     8 |     7 |    18 |    14 |    11 |       ||    67
       Ration            |       |     1 |     2 |     5 |     7 |    11 |    14 |     1 ||    41
Armor: Scale mail        |    22 |    49 |       |       |       |       |       |       ||    71
       Animal skin       |     1 |       |       |       |       |       |       |       ||     1
       Ring mail         |       |     1 |    80 |   206 |   369 |   435 |   475 |    43 ||  1609
       Robe              |       |       |       |       |     9 |       |       |       ||     9
Dodge: Dodged            |    39 |    56 |   113 |   166 |   485 |   615 |   649 |    79 ||  2202
Block: Shield            |       |       |       |   127 |       |   190 |       |       ||   317
